 Dungeon Crawl Stone Soup version 0.31-a0-219-g8d62b2e7bb (webtiles) character file.

Game seed: 15717398057819952843

142 Demosthentine the Poker (level 5, 0/33 (41) HPs)
             Began as a Demonspawn Gladiator on July 3, 2023.
             Slain by Edmund
             ... wielding a +4 flail of draining
              (3 damage)
             ... on level 4 of the Dungeon.
             The game lasted 00:03:21 (2869 turns).

Demosthentine the Poker (Demonspawn Gladiator)      Turns: 2869, Time: 00:03:22

HP:   0/33 (41)     AC:  5    Str: 16    XL:     5   Next: 4%
MP:   5/5           EV: 12    Int: 10    God:
Gold: 187           SH:  0    Dex: 14    Spells: 4/4 levels left

rFire   . . .        a - +0 trident
rCold   . . .        (no shield)
rNeg    . . .        b - +0 leather armour
rPois   .            c - +1 helmet
rElec   .            (no cloak)
rCorr   .            (no gloves)
SInv    .            (no boots)
Will    .....        (no amulet)
Stlth   +            (no ring)
HPRegen 0.25/turn    (no ring)
MPRegen 0.18/turn

%: no passive effects
@: heavily drained
A: magic regeneration, demonic magic 2
a: no special abilities


You were on level 4 of the Dungeon.
You visited 1 branch of the dungeon, and saw 4 of its levels.

You collected 187 gold pieces.

Inventory:

Hand Weapons
 a - a +0 trident (weapon)
Missiles
 d - 2 throwing nets (quivered)
 e - a javelin
 f - 13 poisoned darts
Armour
 b - a +0 leather armour (worn)
 c - a +1 helmet (worn)
Scrolls
 h - 2 scrolls of identify
 j - a scroll of teleportation
Potions
 g - a potion of heal wounds
 i - 2 potions of brilliance
 k - a potion of haste
 o - a potion of lignification


   Skills:
 + Level 3.1 Fighting
 + Level 3.5 Polearms
 - Level 1.7 Throwing
 + Level 1.9 Armour
 + Level 3.4 Dodging


You had 4 spell levels left.
You didn't know any spells.
Your spell library contained the following spells:

 Spells                   Type           Power      Damage    Failure   Level
 Sandblast                Erth           0%         2d4       43%         1
 Ignite Poison            Fire/Tmut/Pois 0%         N/A       80%         3
 Stone Arrow              Conj/Erth      0%         3d7       80%         3
 Leda's Liquefaction      Hex/Erth       0%         N/A       99%         4
 Sticky Flame             Conj/Fire      0%         2d3       99%         4
 Statue Form              Tmut/Erth      0%         N/A       100%        6
 Ignition                 Fire           0%         3d3       100%        8


Dungeon Overview and Level Annotations

Branches:
Dungeon (4/15)
 Temple: D:4-7

Altars:
Nemelex Xobeh
Ru

Shops:
D:3 [

Annotations:
D:4 Edmund


Innate Abilities, Weirdness & Mutations

You regenerate magic rapidly.
Spells you cast may paralyse nearby enemies.


Message History

You hit Edmund.
Edmund is heavily wounded.
The jackal barely misses you.
Edmund struggles against the net.
You catch the helpless Edmund completely off-guard!
You hit Edmund but do no damage.
Edmund is heavily wounded.
The jackal bites you.
Edmund struggles against the net.
The net rips apart, and Edmund comes free!
The jackal bites you.
Throw: 3 throwing nets
Press: ? - help, Q - select action, (/) - cycle Shift-Dir - straight line, f/p - Edmund
Aim: Edmund, wielding a +4 flail of draining and wearing a +0 chain mail (heavily wounded, 67% to hit)
You throw a throwing net. The throwing net barely misses Edmund.
The jackal bites you.
Edmund hits you with a +4 flail of draining!
You feel drained.
You feel much better. The jackal barely misses you.
Edmund hits you with a +4 flail of draining!
You feel drained.
You hit Edmund.
Edmund is heavily wounded.
The jackal closely misses you.
Edmund hits you with a +4 flail of draining!
You feel drained.
The jackal bites you but does no damage.
You hit Edmund.
Edmund is severely wounded.
The jackal bites you but does no damage.
Edmund hits you with a +4 flail of draining.
You feel drained.
You feel much better. The jackal closely misses you.
Edmund hits you with a +4 flail of draining!
You feel drained. The jackal barely misses you.
You hit Edmund but do no damage.
Edmund is severely wounded.
The jackal completely misses you.
Edmund hits you with a +4 flail of draining!
* * * LOW HITPOINT WARNING * * *
You feel drained.
You die...

#........##...
+.........'...
#..####..##...
#####..####..##...
#.........#..+....
#.........#..#....
#.........#..#####
#..##....##..#
#@.##+#####..#
#...h@..#
#.......#
#.......#
#.......#
#..##(.## #.. ####
###


You could see Edmund and a jackal.

Vanquished Creatures
  7 adders
  A worm (D:2)
  3 dart slugs
  6 endoplasms
  4 giant cockroaches
  7 goblins
  4 hobgoblins
  A jackal (D:4)
  8 quokkas
  8 ball pythons
  6 bats
  3 frilled lizards
  6 kobolds
  6 rats
70 creatures vanquished.

Notes
Turn   | Place    | Note
-------+----------+-------------------------------------------
     0 | D:1      | Demosthentine the Demonspawn Gladiator began the quest for
                  | the Orb.
     0 | D:1      | Reached XP level 1. HP: 16/16 MP: 1/1
   129 | D:1      | Gained mutation: You regenerate magic rapidly. [demonic
                  | ancestry]
   129 | D:1      | Reached XP level 2. HP: 22/22 MP: 2/2
   375 | D:1      | Reached skill level 1 in Armour
   815 | D:2      | Gained mutation: Spells you cast may paralyse adjacent
                  | enemies. [demonic ancestry]
   815 | D:2      | Reached XP level 3. HP: 26/28 MP: 3/3
  1141 | D:2      | Gained mutation: Spells you cast may paralyse nearby
                  | enemies. [demonic ancestry]
  1141 | D:2      | Reached XP level 4. HP: 5/34 MP: 4/4
  2028 | D:3      | Found a sacrificial altar of Ru.
  2068 | D:3      | Found Zerhy's Armour Shop.
  2355 | D:3      | Found a sparkling altar of Nemelex Xobeh.
  2432 | D:3      | Got the Opusculum on Star-crossed Metal
  2439 | D:3      | Reached XP level 5. HP: 41/41 MP: 5/5
  2849 | D:4      | Noticed Edmund
  2869 | D:4      | Slain by Edmund

Illustrated notes

Levels and vault maps discovered:
D:1:      nagdon_arrival_double_spiral, layout_rooms
D:2:      layout_rooms, basic_altar
D:3:      layout_basic, marbit_many_paths, mainiacjoe_overflow_alcove_1,
          serial_shops, shop
D:4:      layout_gridville, kennysheep_orc_chapel, uniq_blork_the_orc,
          uniq_sigmund, uniq_pikel, uniq_edmund

Skill      XL: |  1  2  3  4 |
---------------+-------------+-----
Polearms       | 3 |  3.5
Armour         | 1 |  1.9
Dodging        | 3 |  3.4
Fighting       | 3 |  3.1
Throwing       | |  1.7

Action                     |  1- 3 |  4- 6 || total
---------------------------+-------+-------++-------
  Melee: Trident           |   139 |   140 ||   279
         Punch             |     3 |     1 ||     4
  Throw: Throwing net      |       |     3 ||     3
    Use: Scroll            |     5 |     7 ||    12
         Potion            |     1 |     2 ||     3
   Stab: Sleeping          |     1 |     2 ||     3
         Held in net/web   |       |     2 ||     2
 Armour: Leather armour    |    37 |    30 ||    67
         Skin              |    10 |     3 ||    13
  Dodge: Dodged            |    85 |    87 ||   172

Table legend: (Time is in decaauts)
 A = Elapsed time spent in this place.
 B = Non-inter-level travel time spent in this place.
 C = Inter-level travel time spent in this place.
 D = Time resting spent in this place.
 E = Time spent auto-exploring this place.
 F = Levels seen in this place.
 G = Mean time per level.
                   A        B        C        D        E       F      G
               +--------+--------+--------+--------+--------+-----+--------+
         Total |   2983 |   2862 |    121 |    157 |   2120 |   4 |  745.8 |
       Dungeon |   2983 |   2862 |    121 |    157 |   2120 |   4 |  745.8 |
               +--------+--------+--------+--------+--------+-----+--------+

Top non-repeatable levels by time:
     D:3: 1025 daAuts
     D:1: 890 daAuts
     D:2: 883 daAuts
     D:4: 184 daAuts
